 Dungeon Crawl Stone Soup version 0.19.1 (webtiles) character file.

1915 Krapule the Cruncher (level 8, -3/73 HPs)
             Began as a Minotaur Gladiator on Dec 15, 2016.
             Slain by an orc warrior
             ... wielding a +0 long sword
              (13 damage)
             ... on level 6 of the Dungeon.
             The game lasted 00:16:01 (6011 turns).

Krapule the Cruncher (Minotaur Gladiator)           Turns: 6011, Time: 00:16:02

Health: -3/73      AC:  5    Str: 20    XL:     8   Next: 95%
Magic:  7/7        EV: 15    Int:  7    God:
Gold:   311        SH:  0    Dex: 11    Spells: 0 memorised, 7 levels left

rFire  . . .     SeeInvis .     a - +0 quarterstaff
rCold  . . .     Gourm    .     m - +0 leather armour {MR+}
rNeg   . . .     Faith    .     (shield currently unavailable)
rPois  .         Spirit   .     c - +0 hat
rElec  .         Reflect  .     (no cloak)
rCorr  .         Harm     .     E - +0 pair of gloves
MR     ++...                    (no boots)
Stlth  +.........               (no amulet)
                                (no ring)
                                k - ring of protection from magic

@: no status effects
A: retaliatory headbutt, horns 2
a: no special abilities


You were on level 6 of the Dungeon.
You were not hungry.

You visited 1 branch of the dungeon, and saw 6 of its levels.

You collected 311 gold pieces.

Inventory:

Hand Weapons
 a - a +0 quarterstaff (weapon)
 x - the +8 war axe "Kuiheom" {chop, Int+2}
   (You found it on level 4 of the Dungeon)

   It inflicts extra damage upon your enemies.
   It affects your intelligence (+2).
Missiles
 d - 4 throwing nets (quivered)
Armour
 c - a +0 hat (worn)
 m - a +0 leather armour of magic resistance (worn)
 D - a +0 leather armour of cold resistance
 E - a +0 pair of gloves (worn)
Jewellery
 k - a ring of protection from magic (left hand)
Wands
 u - a wand of disintegration (13/24)
 z - a wand of lightning (10/15)
Scrolls
 b - a scroll of blinking {unknown}
 l - 3 scrolls of magic mapping {unknown}
 p - 2 scrolls of identify {unknown}
 q - 3 scrolls of immolation {unknown}
 v - 2 scrolls of noise {unknown}
 w - a scroll of fog {unknown}
 y - a scroll of recharging {unknown}
 B - a scroll of summoning {unknown}
 G - 4 scrolls of remove curse {unknown}
 H - a scroll of random uselessness {unknown}
 I - a scroll of fear {unknown}
Potions
 e - 3 potions of agility {unknown}
 h - 4 potions of lignification {unknown}
 j - a potion of brilliance {unknown}
 n - 2 potions of curing {unknown}
 o - 2 potions of haste {unknown}
 r - a potion of heal wounds {unknown}
 t - 3 potions of cure mutation {unknown}
 C - a potion of mutation {unknown}
Books
 A - a book of Conjurations

   Spells                             Type                      Level
   a - Magic Dart                     Conjuration                  1
   b - Searing Ray                    Conjuration                  2
   c - Dazzling Spray                 Conjuration/Hexes            3
   d - Fulminant Prism                Conjuration/Hexes            4
   e - Iskenderun's Mystic Blast      Conjuration                  4
   f - Iskenderun's Battlesphere      Conjuration/Charms           5
Comestibles
 f - 4 bread rations
 g - 3 beef jerkies
 i - 2 meat rations
 s - a royal jelly
 F - 2 slices of pizza
 J - 5 chunks of flesh


   Skills:
 + Level 7.3 Fighting
 + Level 8.1 Staves
 - Level 2.0 Throwing
 + Level 6.6 Armour
 + Level 7.1 Dodging


You had 7 spell levels left.
You didn't know any spells.

Dungeon Overview and Level Annotations

Branches:
Dungeon (6/15)
 Temple: D:4-7

Altars:


Innate Abilities, Weirdness & Mutations

You reflexively headbutt those who attack you in melee.
You have a pair of horns on your head.


Message History

There is an open door here.
An orc comes into view. It is wielding a dagger.
The orc shouts!
The orc warrior hits you with a long sword!
There is an open door, spattered with blood here.
You see here a scorpion corpse.
The orc shouts!
You sock the orc warrior!
The orc warrior is heavily wounded.
The orc warrior hits you with a long sword!!
* * * LOW HITPOINT WARNING * * *
You hit the orc warrior but do no damage.
You headbutt the orc warrior.
The orc warrior is heavily wounded.
The orc warrior closely misses you.
An orc priest comes into view. It is wielding a club.
You hit the orc warrior but do no damage.
The orc warrior is heavily wounded.
The orc warrior hits you with a long sword!
You die...

#....#...( ...
#...##...# ...
#...##...# ...
##..##...# ...
##..##...# ...
#...##...# # ..
#...##.).# .#
#####..##...# ..##
##..##@###...# ....#
#......o'...o#.....'
#.......#o.o)).....#
#.......#....#.....#
##......##...##...##
#.......##...# ...#
#.#####+##..... ....
## #...... ...
....... ...


You could see an orc warrior, an orc priest and 2 orcs.

Vanquished Creatures
  Sigmund (D:5)
  Eustachio (D:5)
  A hungry ghost (D:4)
  Edmund (D:5)
  A water moccasin (D:6)
  3 ogres
  2 scorpions
  A jelly (D:6)
  A howler monkey (D:5)
  2 crimson imps (D:6)
  2 bullfrog zombies (D:5)
  3 hounds
  A centaur skeleton (D:4)
  4 orc priests
  5 orc wizards
  3 worker ants (D:4)
  A hound skeleton (D:6)
  A worker ant zombie (D:5)
  8 adders
  2 shadow imps
  5 oozes
  An adder skeleton (D:5)
  A dart slug (D:2)
  6 leopard geckos
  13 orcs
  6 bats
  4 giant cockroaches
  6 goblins
  9 hobgoblins
  22 jackals
  3 quokkas
  A ball python (D:2)
  A frilled lizard (D:4)
  10 kobolds
  A leopard gecko skeleton (D:5)
  4 rats
137 creatures vanquished.

Notes
Turn   | Place    | Note
-------+----------+-------------------------------------------
     0 | D:1      | Krapule the Minotaur Gladiator began the quest for the Orb.
     0 | D:1      | Reached XP level 1. HP: 18/18 MP: 0/0
   133 | D:1      | Reached XP level 2. HP: 22/25 MP: 1/1
   136 | D:1      | Reached skill level 1 in Armour
   326 | D:1      | Reached skill level 4 in Staves
   341 | D:1      | Reached XP level 3. HP: 28/30 MP: 2/2
  1165 | D:2      | Reached XP level 4. HP: 33/38 MP: 3/3
  1665 | D:3      | Reached skill level 5 in Staves
  2065 | D:3      | Reached XP level 5. HP: 31/45 MP: 4/4
  2374 | D:4      | Noticed an ogre
  2380 | D:3      | Killed an ogre
  2423 | D:4      | Reached XP level 6. HP: 47/52 MP: 5/5
  3034 | D:4      | Noticed a hungry ghost
  3042 | D:4      | Reached skill level 6 in Staves
  3042 | D:4      | Reached skill level 5 in Dodging
  3049 | D:4      | Reached XP level 7. HP: 38/60 MP: 6/6
  3057 | D:4      | Killed a hungry ghost
  3057 | D:4      | Reached skill level 5 in Fighting
  3359 | D:4      | Got a steaming war axe
  3360 | D:4      | Identified the +8 war axe "Kuiheom" {chop, Int+2} (You found it on level 4 of the Dungeon)
  3577 | D:5      | Entered Level 5 of the Dungeon
  3768 | D:5      | Noticed Eustachio
  3789 | D:5      | Killed Eustachio
  3959 | D:5      | Noticed Edmund
  3970 | D:5      | Reached skill level 5 in Armour
  4220 | D:5      | Noticed Sigmund
  4224 | D:5      | Reached skill level 7 in Staves
  4285 | D:5      | Killed Sigmund
  4285 | D:5      | Reached XP level 8. HP: 19/70 MP: 7/7
  4811 | D:5      | Killed Edmund
  5729 | D:6      | Reached skill level 8 in Staves
  6011 | D:6      | Slain by an orc warrior

Skill      XL: |  1  2  3  4  5  6  7  8 |
---------------+-------------------------+-----
Armour         | 1 2 3 4 5 6 |  6.6
Staves         | 4 5 6 7 8 |  8.1
Fighting       | 3 4 6 7 |  7.3
Dodging        | 4 5 6 7 |  7.1
Throwing       | |  2.0

Action                   |  1- 3 |  4- 6 |  7- 9 || total
-------------------------+-------+-------+-------++-------
Melee: Quarterstaff      |    73 |   114 |   187 ||   374
       Headbutt          |     9 |    18 |    35 ||    62
  Eat: Chunk             |       |     7 |    11 ||    18
Armor: Leather armour    |    19 |    16 |    12 ||    47
Dodge: Dodged            |    59 |    74 |    91 ||   224
